SL
NORTHERN VIRGINIA RETRIEVERS @ TOLEDO TITANS
09/27/2018
 
TOP OF THE 1ST
Northern Virginia Retrievers batting - Pitching for Toledo Titans : RHP Wayne Hurst
Pitching: RHP Wayne Hurst
Batting: RHB Shi-young Chang 0-0: Called Strike
0-1: Called Strike
0-2: Foul Ball, location: 2F
0-2: Strikes out looking
Batting: LHB Ye Der 0-0: Called Strike
0-1: Foul Ball, location: 2F
0-2: Ball
1-2: Ball
2-2: Strikes out swinging
Batting: RHB Ben Ross 0-0: Foul Ball, location: 2F
0-1: Ball
1-1: Ball
2-1: Swinging Strike
2-2: Strikes out looking
Top of the 1st over - 0 run(s), 0 hit(s), 0 error(s), 0 left on base; Northern Virginia 0 - Toledo 0
BOTTOM OF THE 1ST
Toledo Titans batting - Pitching for Northern Virginia Retrievers : LHP Manuel Garza
Pitching: LHP Manuel Garza
Batting: RHB Brad Brown 0-0: Ball
1-0: Called Strike
1-1: Fly out, F8 (Flyball, 8LD)
Batting: RHB Sherman Davis 0-0: Fly out, F3 (Popup, 3SF)
Batting: LHB Michael Neely 0-0: Called Strike
0-1: Ball
1-1: Ball
2-1: Foul Ball, location: 2F
2-2: Fly out, F8 (Flyball, 8LXD)
Bottom of the 1st over - 0 run(s), 0 hit(s), 0 error(s), 0 left on base; Northern Virginia 0 - Toledo 0
TOP OF THE 2ND
Northern Virginia Retrievers batting - Pitching for Toledo Titans : RHP Wayne Hurst
Batting: RHB Manuel Romo 0-0: Ground out 6-3 (Groundball, 56)
Batting: LHB Harlan Price 0-0: Called Strike
0-1: Ball
1-1: Ground out 3-1 (Groundball, 34)
Batting: RHB Donald Stanley 0-0: Called Strike
0-1: Ball
1-1: Ball
2-1: Called Strike
2-2: Strikes out swinging
Top of the 2nd over - 0 run(s), 0 hit(s), 0 error(s), 0 left on base; Northern Virginia 0 - Toledo 0
BOTTOM OF THE 2ND
Toledo Titans batting - Pitching for Northern Virginia Retrievers : LHP Manuel Garza
Batting: LHB Herman Hayes 0-0: Called Strike
0-1: Foul Ball, location: 2F
0-2: Ball
1-2: Ball
2-2: Foul Ball, location: 2F
2-2: Ball
3-2: Foul Ball, location: 2F
3-2: Base on Balls
Batting: LHB David Martínez 0-0: Ball
1-0: Foul Ball, location: 2F
1-1: Ball
2-1: Swinging Strike
2-2: Fly out, F7 (Popup, 56D)
Batting: LHB Nathan Santos 0-0: Ball
1-0: Ball
2-0: Ball
3-0: Base on Balls
Herman Hayes to second
Batting: RHB Enrique Pérez 0-0: Swinging Strike
0-1: Foul Ball, location: 2F
0-2: Strikes out looking
Batting: LHB Salvador Vidal 0-0: Called Strike
0-1: SINGLE (Flyball, 78S)
Herman Hayes to third
Nathan Santos to second
Runner from 3rd tries for Home, SAFE, no throw or cutoff
Batting: RHB Wayne Hurst 0-0: Called Strike
0-1: Swinging Strike
0-2: Ball
1-2: Foul Ball, location: 2F
1-2: Ball
2-2: Strikes out swinging
Bottom of the 2nd over - 1 run(s), 1 hit(s), 0 error(s), 2 left on base; Northern Virginia 0 - Toledo 1
TOP OF THE 3RD
Northern Virginia Retrievers batting - Pitching for Toledo Titans : RHP Wayne Hurst
Batting: LHB Roberto Salazar 0-0: Swinging Strike
0-1: Foul Ball, location: 2F
0-2: Foul Ball, location: 2F
0-2: Foul Ball, location: 2F
0-2: Foul Ball, location: 2F
0-2: Foul Ball, location: 2F
0-2: Ball
1-2: SINGLE (Groundball, 15) (infield hit)
Batting: RHB Casey Washington 0-0: Called Strike
Roberto Salazar steals 2nd base
0-1: Swinging Strike
0-2: Foul Ball, location: 2F
0-2: Strikes out looking
Batting: LHB Manuel Garza 0-0: Called Strike
0-1: Called Strike
0-2: Ball
1-2: Fly out, F6 (Popup, 6)
Batting: RHB Shi-young Chang 0-0: Ball
1-0: Ball
2-0: Foul Ball, location: 2F
2-1: Fly out, F7 (Flyball, 78M)
Top of the 3rd over - 0 run(s), 1 hit(s), 0 error(s), 1 left on base; Northern Virginia 0 - Toledo 1
BOTTOM OF THE 3RD
Toledo Titans batting - Pitching for Northern Virginia Retrievers : LHP Manuel Garza
Batting: RHB Brad Brown 0-0: Foul Ball, location: 2F
0-1: Fly out, F8 (Flyball, 8LD)
Batting: RHB Sherman Davis 0-0: Ball
1-0: Swinging Strike
1-1: SOLO HOME RUN (Flyball, 78XD), Distance : 441 ft
Batting: LHB Michael Neely 0-0: Foul Ball, location: 2F
0-1: Ball
1-1: Called Strike
1-2: SOLO HOME RUN (Flyball, 89XD), Distance : 426 ft
Batting: LHB Herman Hayes 0-0: Called Strike
0-1: Called Strike
0-2: Ball
1-2: Ground out 1-3 (Groundball, 15)
Batting: LHB David Martínez 0-0: Ball
1-0: Called Strike
1-1: SINGLE (Groundball, 6MD) (infield hit)
Batting: LHB Nathan Santos 0-0: Called Strike
0-1: Ball
1-1: Foul Ball, location: 2F
1-2: Ground out 4-3 (Groundball, 4)
Bottom of the 3rd over - 2 run(s), 3 hit(s), 0 error(s), 1 left on base; Northern Virginia 0 - Toledo 3
TOP OF THE 4TH
Northern Virginia Retrievers batting - Pitching for Toledo Titans : RHP Wayne Hurst
Batting: LHB Ye Der 0-0: Ball
1-0: Foul Ball, location: 2F
1-1: Foul Ball, location: 2F
1-2: Fly out, F6 (Popup, 4MD)
Batting: RHB Ben Ross 0-0: Ball
1-0: Ball
2-0: Called Strike
2-1: Swinging Strike
2-2: DOUBLE (Flyball, 8LD)
Batting: RHB Manuel Romo 0-0: Foul Ball, location: 2F
0-1: Foul Ball, location: 2F
0-2: Ball
1-2: Foul Ball, location: 2F
1-2: Ball
2-2: Foul Ball, location: 2F
2-2: SINGLE (Groundball, 4MD)
Ben Ross to third
Runner from 3rd tries for Home, SAFE, throw made home
Batting: LHB Harlan Price 0-0: Called Strike
0-1: Foul Ball, location: 2F
0-2: Ball
1-2: Foul Ball, location: 2F
1-2: Foul Ball, location: 2F
1-2: Fielders Choice at 2nd, 1-6 (Groundball, 13S)
Batting: RHB Donald Stanley 0-0: Ball
1-0: Ball
2-0: Ground out 6-3 (Groundball, 6)
Top of the 4th over - 1 run(s), 2 hit(s), 0 error(s), 1 left on base; Northern Virginia 1 - Toledo 3
BOTTOM OF THE 4TH
Toledo Titans batting - Pitching for Northern Virginia Retrievers : LHP Manuel Garza
Batting: RHB Enrique Pérez 0-0: Swinging Strike
0-1: Swinging Strike
0-2: Strikes out looking
Batting: LHB Salvador Vidal 0-0: Ball
1-0: Ball
2-0: Called Strike
2-1: Foul Ball, location: 2F
2-2: Strikes out looking
Batting: RHB Wayne Hurst 0-0: Ground out 1-3 (Groundball, 13S)
Bottom of the 4th over - 0 run(s), 0 hit(s), 0 error(s), 0 left on base; Northern Virginia 1 - Toledo 3
TOP OF THE 5TH
Northern Virginia Retrievers batting - Pitching for Toledo Titans : RHP Wayne Hurst
Batting: LHB Roberto Salazar 0-0: Called Strike
0-1: Foul Ball, location: 2F
0-2: Ball
1-2: Strikes out swinging
Batting: RHB Casey Washington 0-0: Swinging Strike
0-1: Called Strike
0-2: Strikes out swinging
Batting: LHB Manuel Garza 0-0: Ground out 3-1 (Groundball, 34)
Top of the 5th over - 0 run(s), 0 hit(s), 0 error(s), 0 left on base; Northern Virginia 1 - Toledo 3
BOTTOM OF THE 5TH
Toledo Titans batting - Pitching for Northern Virginia Retrievers : LHP Manuel Garza
Batting: RHB Brad Brown 0-0: Called Strike
0-1: Ball
1-1: Ball
2-1: Swinging Strike
2-2: Strikes out swinging
Batting: RHB Sherman Davis 0-0: Ball
1-0: Foul Ball, location: 2F
1-1: Called Strike
1-2: SINGLE (Groundball, 13) (infield hit)
Batting: LHB Michael Neely 0-0: Ball
1-0: Fly out, F8 (Flyball, 8LD)
Batting: LHB Herman Hayes 0-0: Ball
Sherman Davis is caught stealing 2nd base
Bottom of the 5th over - 0 run(s), 1 hit(s), 0 error(s), 0 left on base; Northern Virginia 1 - Toledo 3
TOP OF THE 6TH
Northern Virginia Retrievers batting - Pitching for Toledo Titans : RHP Wayne Hurst
Batting: RHB Shi-young Chang 0-0: Fly out, F7 (Flyball, 7M)
Batting: LHB Ye Der 0-0: Ball
1-0: Swinging Strike
1-1: Fly out, F9 (Flyball, 9S)
Batting: RHB Ben Ross 0-0: Ball
1-0: Foul Ball, location: 2F
1-1: Swinging Strike
1-2: Ball
2-2: Foul Ball, location: 2F
2-2: Ground out 6-3 (Groundball, 6M)
Top of the 6th over - 0 run(s), 0 hit(s), 0 error(s), 0 left on base; Northern Virginia 1 - Toledo 3
BOTTOM OF THE 6TH
Toledo Titans batting - Pitching for Northern Virginia Retrievers : LHP Manuel Garza
Batting: LHB Herman Hayes 0-0: Foul Ball, location: 2F
0-1: Ball
1-1: Ground out 4-3 (Groundball, 4)
Batting: LHB David Martínez 0-0: Ball
1-0: Ground out 4-3 (Groundball, 4)
Batting: LHB Nathan Santos 0-0: Swinging Strike
0-1: Ground out 4-3 (Groundball, 4)
Bottom of the 6th over - 0 run(s), 0 hit(s), 0 error(s), 0 left on base; Northern Virginia 1 - Toledo 3
TOP OF THE 7TH
Northern Virginia Retrievers batting - Pitching for Toledo Titans : RHP Wayne Hurst
Batting: RHB Manuel Romo 0-0: Ground out 5-3 (Groundball, 5)
Batting: LHB Harlan Price 0-0: Called Strike
0-1: Ball
1-1: Swinging Strike
1-2: Strikes out swinging
Batting: RHB Donald Stanley 0-0: Called Strike
0-1: Ball
1-1: Ball
2-1: Foul Ball, location: 2F
2-2: Ball
3-2: Foul Ball, location: 2F
3-2: Foul Ball, location: 2F
3-2: Strikes out looking
Top of the 7th over - 0 run(s), 0 hit(s), 0 error(s), 0 left on base; Northern Virginia 1 - Toledo 3
BOTTOM OF THE 7TH
Toledo Titans batting - Pitching for Northern Virginia Retrievers : LHP Manuel Garza
Batting: RHB Enrique Pérez 0-0: Swinging Strike
0-1: SINGLE (Groundball, 6MD)
Batting: LHB Salvador Vidal 0-0: Ball
1-0: Called Strike
1-1: Ball
2-1: Ball
3-1: Foul Ball, location: 2F
3-2: 2-RUN HOME RUN (Line Drive, 9D), Distance : 397 ft
Pitching: RHP Cam Herman
Pinch Hitting: RHB Harris Harden 0-0: Ball
1-0: Foul Ball, location: 2F
1-1: Foul Ball, location: 2F
1-2: Ball
2-2: Foul Ball, location: 2F
2-2: Ball
3-2: Foul Ball, location: 2F
3-2: Foul Ball, location: 2F
3-2: Foul Ball, location: 2F
3-2: Base on Balls
Batting: RHB Brad Brown 0-0: Called Strike
0-1: Fielders Choice at 2nd, 6-4 (Groundball, 6)
Batting: RHB Sherman Davis 0-0: Called Strike
Brad Brown steals 2nd base
0-1: Foul Ball, location: 2F
0-2: Ball
1-2: Ground out 6-3 (Groundball, 56)
Batting: LHB Michael Neely 0-0: Ball
1-0: SINGLE (Line Drive, 78M)
Brad Brown to third
Batting: LHB Herman Hayes 0-0: Called Strike
0-1: Ground out U3 (Groundball, 3S)
Bottom of the 7th over - 2 run(s), 3 hit(s), 0 error(s), 2 left on base; Northern Virginia 1 - Toledo 5
TOP OF THE 8TH
Northern Virginia Retrievers batting - Pitching for Toledo Titans : RHP Wayne Hurst
Pitching: RHP António Lucero
Batting: LHB Roberto Salazar 0-0: Called Strike
0-1: Ground out 6-3 (Groundball, 6M)
Batting: RHB Casey Washington 0-0: Called Strike
0-1: Foul Ball, location: 2F
0-2: Ball
1-2: Foul Ball, location: 2F
1-2: Foul Ball, location: 2F
1-2: Strikes out swinging
Pinch Hitting: RHB Christian O'Dell 0-0: Called Strike
0-1: Foul Ball, location: 2F
0-2: Foul Ball, location: 2F
0-2: Foul Ball, location: 2F
0-2: Ball
1-2: Foul Ball, location: 2F
1-2: Ball
2-2: Foul Ball, location: 2F
2-2: Foul Ball, location: 2F
2-2: Ground out 6-3 (Groundball, 56)
Top of the 8th over - 0 run(s), 0 hit(s), 0 error(s), 0 left on base; Northern Virginia 1 - Toledo 5
BOTTOM OF THE 8TH
Toledo Titans batting - Pitching for Northern Virginia Retrievers : RHP Cam Herman
Pitching: RHP Michael Fletcher
Batting: LHB David Martínez 0-0: Ball
1-0: Ball
2-0: Foul Ball, location: 2F
2-1: Ground out 4-3 (Groundball, 4)
Batting: LHB Nathan Santos 0-0: Called Strike
0-1: Ball
1-1: Ball
2-1: Foul Ball, location: 2F
2-2: Ball
3-2: Ground out 6-3 (Groundball, 6S)
Batting: RHB Enrique Pérez 0-0: Called Strike
0-1: Ground out 4-3 (Groundball, 4)
Bottom of the 8th over - 0 run(s), 0 hit(s), 0 error(s), 0 left on base; Northern Virginia 1 - Toledo 5
TOP OF THE 9TH
Northern Virginia Retrievers batting - Pitching for Toledo Titans : RHP António Lucero
Batting: RHB Shi-young Chang 0-0: Foul Ball, location: 2F
0-1: Fly out, F9 (Flyball, 89S)
Batting: LHB Ye Der 0-0: Ball
1-0: Ball
2-0: Swinging Strike
2-1: Ball
3-1: Called Strike
3-2: Strikes out swinging
Batting: RHB Ben Ross 0-0: Ball
1-0: Swinging Strike
1-1: Swinging Strike
1-2: Strikes out swinging, 2-3 out at first.
Top of the 9th over - 0 run(s), 0 hit(s), 0 error(s), 0 left on base; Northern Virginia 1 - Toledo 5
This league is powered by Out of the Park Baseball, the baseball management simulation game for PC, Mac and Linux
Monday, May 4th, 2015 - OOTP Baseball 15.6 Build 34